 Dungeon Crawl Stone Soup version 0.30-a0-1008-g30c9307041 (webtiles) character file.

Game seed: 12872234231830209171

1481 Maxmaps the Caller (level 8, -5/58 HPs)
             Began as a Demonspawn Monk on Apr 5, 2023.
             Killed from afar by Maggie (22 damage)
             ... with a bolt of fire
             ... on level 8 of the Dungeon.
             The game lasted 00:08:42 (6926 turns).

Maxmaps the Caller (Demonspawn Monk)                Turns: 6926, Time: 00:08:42

Health: -5/58      AC:  8    Str: 11    XL:     8   Next: 50%
Magic:  0/24       EV: 10    Int: 16    God:
Gold:   518        SH:  3    Dex: 16    Spells: 14/17 levels left

rFire   . . .      SeeInvis +    q - +5 long sword "Murmur" {heavy, SInv}
rCold   . . .      Faith    .    x - +0 buckler
rNeg    . . .      Spirit   +    r - +0 ring mail
rPois   .          Reflect  .    (no helmet)
rElec   .          Rampage  .    n - +0 cloak
rCorr   .                        (no gloves)
Will    +....                    p - +0 pair of boots
Stlth   +                        (no amulet)
HPRegen 0.29/turn                m - ring of willpower
MPRegen 0.38/turn                l - ring of magical power

@: no status effects
A: hooves 1, magic shield, magic regeneration, big brain 1
a: no special abilities


You were on level 8 of the Dungeon.
You visited 2 branches of the dungeon, and saw 9 of its levels.

You collected 518 gold pieces.

Inventory:

Hand Weapons
 q - the +5 long sword "Murmur" (weapon) {heavy, SInv}
   (You found it on level 8 of the Dungeon)

   SInv:      It lets you see invisible.
 u - a +3 dagger
 v - a +0 lajatang
 B - a +0 morningstar of draining
 F - a +2 morningstar of freezing
Armour
 n - a +0 cloak (worn)
 p - a +0 pair of boots (worn)
 r - a +0 ring mail (worn)
 x - a +0 buckler (worn)
Jewellery
 l - a ring of magical power (right hand)
 m - a ring of willpower (left hand)
 y - a ring of ice
 E - a ring of resist corrosion
Wands
 s - a wand of paralysis (9)
 A - a wand of flame (14)
 C - a wand of roots (8)
Scrolls
 f - 2 scrolls of fog
 g - 2 scrolls of blinking
 o - 2 scrolls of teleportation
 D - 2 scrolls of amnesia
Potions
 a - a potion of lignification {unknown}
 b - 3 potions of ambrosia
 c - 2 potions of heal wounds
 d - 2 potions of haste {unknown}
 e - a potion of berserk rage {unknown}
 h - 2 potions of flight
 i - 3 potions of curing {unknown}
 k - 3 potions of attraction {unknown}
 t - a potion of brilliance {unknown}
 w - 2 potions of invisibility {unknown}
 z - 2 potions of degeneration {unknown}


   Skills:
 - Level 3.0 Fighting
 - Level 3.7 Armour
 - Level 2.6 Dodging
 - Level 1.7 Stealth
 - Level 3.3 Unarmed Combat
 - Level 5.0 Spellcasting
 + Level 7.4 Summonings


You had 14 spell levels left.
You knew the following spells:

 Your Spells              Type           Power      Damage    Failure   Level
a - Call Canine Familiar  Summ           27%        N/A       7%          3

Your spell library contained the following spells:

 Spells                   Type           Power      Damage    Failure   Level
 Animate Armour           Summ/Erth      30%        N/A       71%         4
 Portal Projectile        Hex/Tloc       8%         N/A       80%         3
 Stone Arrow              Conj/Erth      8%         3d7       80%         3
 Leda's Liquefaction      Hex/Erth       2%         N/A       99%         4
 Lehudib's Crystal Spear  Conj/Erth      2%         10d2      100%        8


Dungeon Overview and Level Annotations

Branches:
Dungeon (8/15)             Temple (1/1) D:7
   Lair: D:8-11

Altars:
Ashenzari
Cheibriados
Dithmenos
Fedhas
Makhleb
Nemelex Xobeh
Ru
Trog
Uskayaw
Vehumet
Wu Jian
Xom
Yredelemnul

Annotations:
D:8 2 runed translucent doors, Maggie


Innate Abilities, Weirdness & Mutations

You have large cloven feet.
When hurt, damage is shared between your health and your magic reserves.
You regenerate magic rapidly.
You have an unusually large brain. (Int +2)


Message History

Your hound dies!
Your hound's corpse disappears in a puff of smoke!
The yak gores you!
The yak bellows!
You hit the yak but do no damage.
The yak is severely wounded.
The yak gores you! The yak closely misses you. The yak barely misses you.
The yak gores you! You block the yak's attack.
The yak gores you but does no damage.
You are too injured to fight recklessly!
Unknown command.
Casting: Call Canine Familiar (dangerous; 7% risk of failure)
Confirm with . or Enter, or press ? or * to list all spells.
The yak gores you. The yak closely misses you.
The yak gores you but does no damage.
Unknown command.
You hit the yak.
The yak is almost dead.
You hear the hiss of an avalanche of sand nearby.
You block the yak's attack. The yak closely misses you.
The yak barely misses you. The yak gores you! The yak gores you.
You swap places.
Your hound bites the yak.
The yak closely misses you. The yak completely misses your hound.
The yak gores your hound.
Your hound bites the yak but does no damage.
Your hound bites the yak.
Something gores your hound!
Your hound dies!
Your hound's corpse disappears in a puff of smoke!
Unknown command.
The yak attacks as you move away! The yak barely misses you.
The yak attacks as you move away! The yak barely misses you.
The yak attacks as you move away! The yak gores you.
* * * LOW HITPOINT WARNING * * *
As you read the scroll of fear, it crumbles to dust.
You assume a fearsome visage.
The yak looks frightened! x6
Found a stone staircase leading down.
Maggie the Vainglorious comes into view.
She is wielding a +2 halberd of pain.
Maggie shouts!
Maggie gestures at you while chanting. The bolt of fire hits you!!
You die...

,,* **,,,*,,,*,,,,* ,,*
*+******#+.**,*
,,******,******#.##,.###
,,**,,,,,,,,,,,....,...*******
,,******,#,*,**#..#..#,.,,,,,*
,,,,,* *,#.*,*##..#..#.#,*****
,,**,* *,*..,,,....@...#,*
****,***,#.#.###..#....#.**
,,,,,,,,,....>..@........,*
****,***,#.#..#..##....#,**
,,,,,,,,,#.#..#........#,*
,***,***,#.#..#........#,* ,*
*,* *,#..........#.##,* ,* *,*
#!###..#..####.#*,* ,* *,*
*...........#*.#*,*
,***,*######.Y#..#.#*.#***
,,,,,,...........#.##.#


You could see Maggie.

Vanquished Creatures
  Sigmund (D:5)
  An orc warrior (D:8)
  A black bear (D:4)
  A phantom (D:7)
  A centaur (D:6)
  2 bullfrogs
  Blork the orc (D:4)
  A scorpion (D:4)
  3 hounds
  3 orc priests (D:7)
  A sleepcap (D:7)
  2 orc wizards
  4 iguanas
  A nameless horror (D:5)
  4 gnolls (D:6)
  7 adders
  2 shadow imps
  A white imp (D:7)
  5 dart slugs
  20 orcs
  4 endoplasms
  3 giant cockroaches
  5 goblins
  2 hobgoblins (D:1)
  5 quokkas
  8 ball pythons
  5 bats
  3 frilled lizards
  4 kobolds
  5 rats
106 creatures vanquished.

Vanquished Creatures (collateral kills)
  2 iguanas
  4 orc wizards (D:7)
  An ufetubus (D:5)
  9 orcs
16 creatures vanquished.

Vanquished Creatures (others)
  10 plants (D:1)
10 creatures vanquished.

Grand Total: 132 creatures vanquished

Notes
Turn   | Place    | Note
-------+----------+-------------------------------------------
     0 | D:1      | Maxmaps the Demonspawn Monk began the quest for the Orb.
     0 | D:1      | Reached XP level 1. HP: 18/18 MP: 1/1
   284 | D:1      | Gained mutation: You have large cloven feet. [demonic
                  | ancestry]
   284 | D:1      | Reached XP level 2. HP: 24/24 MP: 2/2
   594 | D:1      | Reached skill level 1 in Armour
   917 | D:2      | Found a faded altar of an unknown god.
  1047 | D:2      | Reached XP level 3. HP: 29/29 MP: 3/3
  2009 | D:3      | Gained mutation: You regenerate magic rapidly. [demonic
                  | ancestry]
  2009 | D:3      | Reached XP level 4. HP: 26/35 MP: 4/4
  2500 | D:4      | Noticed a scorpion
  2510 | D:4      | Killed a scorpion
  2640 | D:4      | Found a burning altar of Makhleb.
  2653 | D:4      | Reached skill level 1 in Spellcasting
  2653 | D:4      | Gained mutation: You have an unusually large brain. (Int
                  | +2) [demonic ancestry]
  2653 | D:4      | Reached XP level 5. HP: 36/41 MP: 4/6
  2681 | D:4      | Noticed Blork the orc
  2688 | D:4      | Killed Blork the orc
  3184 | D:4      | Noticed a black bear
  3193 | D:4      | Killed a black bear
  3194 | D:4      | Gained mutation: When hurt, damage is shared between your
                  | health and your magic reserves. [demonic ancestry]
  3194 | D:4      | Reached XP level 6. HP: 38/47 MP: 9/11
  3342 | D:5      | Entered Level 5 of the Dungeon
  3378 | D:5      | Noticed Sigmund
  3399 | D:5      | Killed Sigmund
  3400 | D:5      | Reached XP level 7. HP: 42/52 MP: 5/14
  3478 | D:5      | Learned a level 3 spell: Call Canine Familiar
  3480 | D:5      | Reached skill level 5 in Spellcasting
  3499 | D:5      | Found a snail-covered altar of Cheibriados.
  3514 | D:5      | Reached skill level 1 in Summonings
  3671 | D:5      | Found a blossoming altar of Fedhas.
  3682 | D:5      | Reached skill level 2 in Summonings
  4040 | D:5      | Found a shadowy altar of Dithmenos.
  4050 | D:5      | Reached skill level 3 in Summonings
  4543 | D:6      | Found a sacrificial altar of Ru.
  4545 | D:6      | Identified the +8 falchion of Zuan {vamp, rElec Will+ MP+9
                  | Int-3}
  4638 | D:6      | Reached skill level 4 in Summonings
  4950 | D:6      | Found an ornate altar of the Wu Jian Council.
  5803 | D:7      | Reached skill level 5 in Summonings
  5803 | D:7      | Reached XP level 8. HP: 54/58 MP: 15/15
  6050 | D:7      | Found a staircase to the Ecumenical Temple.
  6058 | Temple   | Entered the Ecumenical Temple
  6270 | D:7      | Reached skill level 6 in Summonings
  6750 | D:8      | Found a large runed translucent door.
  6750 | D:8      | Found a large runed translucent door.
  6782 | D:8      | Reached skill level 7 in Summonings
  6797 | D:8      | Identified the +5 long sword "Murmur" {heavy, SInv}
  6926 | D:8      | Noticed Maggie
  6926 | D:8      | Killed from afar by Maggie

Illustrated notes

Levels and vault maps discovered:
D:1:      roderic_crop_circles_arrival_large, layout_loops_ring, serial_forest,
          infiniplex_forest_lined_2, infiniplex_forest_clump_double,
          infiniplex_forest_clump_long, infiniplex_forest_clump_double,
          infiniplex_forest_clump_C, infiniplex_forest_split,
          infiniplex_forest_lined_room_3, serial_bayou_lagoon_a
D:2:      layout_loops_ring, nicolae_ecumenical_pavilion
D:3:      layout_loops_cross, minmay_increasing_density
D:4:      layout_gridville, makhleb_heckhound_becter,
          kennysheep_generic_room_13, uniq_blork_the_orc
D:5:      layout_gridville, nicolae_overflow_crystal_walls,
          mainiacjoe_overflow_paths, general_overflow_altar, uniq_sigmund
D:6:      layout_basic, mainiacjoe_overflow_six_doors_small,
          mainiacjoe_overflow_catwalk, elyvilon_altar_1,
          mainiacjoe_overflow_surrounded_room
D:7:      layout_basic, minmay_temple_entry_proselytizer
D:8:      layout_basic, jmf_multi_god_temple2, mainiacjoe_overflow_chevrons,
          nicolae_ossuary_entry_false_entrances, uniq_joseph, uniq_maggie
Temple:   hellmonk_temple_beads

Skill      XL: |  1  2  3  4  5  6  7  8 |
---------------+-------------------------+-----
Unarmed Combat | 3 |  3.3
Armour         | 1 2 3 |  3.7
Spellcasting   | 1 3 4 5 |  5.0
Summonings     | 5 7 |  7.4
Fighting       | |  3.0
Dodging        | |  2.6
Stealth        | |  1.7

Action                     |  1- 3 |  4- 6 |  7- 9 || total
---------------------------+-------+-------+-------++-------
  Melee: Unarmed           |   123 |     4 |       ||   127
         Kick              |    15 |    23 |    23 ||    61
         Punch             |     3 |     2 |       ||     5
         Lajatang          |       |    80 |   212 ||   292
         Dagger            |       |     5 |       ||     5
         Long sword        |       |       |     3 ||     3
   Cast: Call Canine Famil |       |       |    22 ||    22
    Use: Scroll            |       |    12 |     4 ||    16
         Potion            |       |     2 |     1 ||     3
   Stab: Sleeping          |     6 |     2 |     2 ||    10
         Distracted        |       |       |     1 ||     1
 Armour: Robe              |     8 |       |       ||     8
         Leather armour    |    14 |       |       ||    14
         Ring mail         |     3 |    66 |   132 ||   201
  Dodge: Dodged            |    77 |    64 |   184 ||   325
  Block: Buckler           |       |       |     3 ||     3

Table legend: (Time is in decaauts)
 A = Elapsed time spent in this place.
 B = Non-inter-level travel time spent in this place.
 C = Inter-level travel time spent in this place.
 D = Time resting spent in this place.
 E = Time spent auto-exploring this place.
 F = Levels seen in this place.
 G = Mean time per level.
                   A        B        C        D        E       F      G
               +--------+--------+--------+--------+--------+-----+--------+
         Total |   7054 |   6730 |    324 |    525 |   4951 |   9 |  783.8 |
       Dungeon |   6938 |   6614 |    324 |    525 |   4855 |   8 |  867.2 |
        Temple |    116 |    116 |      0 |      0 |     96 |   1 |  116.0 |
               +--------+--------+--------+--------+--------+-----+--------+

Top non-repeatable levels by time:
     D:6: 1190 daAuts
     D:7: 1119 daAuts
     D:5: 1036 daAuts
     D:1: 931 daAuts
     D:4: 921 daAuts
     D:3: 823 daAuts
     D:2: 702 daAuts
     D:8: 212 daAuts
  Temple: 116 daAuts
